 Seeded DCSS version 0.29-a0-322-g68df515428 (webtiles) character file.

Game seed: 3835982142597306518 (custom seed)

6 donath the Grasshopper (level 1, 0/19 HPs)
             Began as a Naga Warper on Apr 10, 2022.
             Slain by a quokka (4 damage)
             ... on level 1 of the Dungeon.
             The game lasted 00:02:07 (279 turns).

donath the Grasshopper (Naga Warper)                 Turns: 279, Time: 00:02:08

Health: 0/19       AC:  2    Str: 13    XL:     1   Next: 90%
Magic:  3/3        EV:  9    Int: 13    God:
Gold:   26         SH:  0    Dex: 10    Spells: 4/4 levels left

rFire   . . .      SeeInvis +   a - +0 mace
rCold   . . .      Faith    .   (no shield)
rNeg    . . .      Spirit   .   b - +0 leather armour
rPois   +          Reflect  .   (no helmet)
rElec   .          Harm     .   h - +0 cloak
rCorr   .          Rampage  .   (no gloves)
Will    .....                   (no barding)
Stlth   +.........              (no amulet)
HPRegen 0.06/turn               (no ring)
MPRegen 0.08/turn               (no ring)

@: very slow
A: AC +0, large, see invisible, deformed body, poison resistance, slowness 2,
spit poison 1, naga tail 1
a: Spit Poison


You were on level 1 of the Dungeon.
You visited 1 branch of the dungeon, and saw 1 of its levels.

You collected 26 gold pieces.

Inventory:

Hand Weapons
 a - a +0 mace (weapon)
Missiles
 d - 7 boomerangs of dispersal (quivered)
Armour
 b - a +0 leather armour (worn)
 h - a +0 cloak (worn)
 i - a +0 ring mail
Scrolls
 c - a scroll of blinking
 f - a scroll of enchant armour {unknown}
 g - a scroll of fear {unknown}
Potions
 e - a potion of might {unknown}


   Skills:
 - Level 2.1 Fighting
 + Level 2.1 Maces & Flails
 + Level 0.8 Throwing
 - Level 0.7 Armour
 + Level 1.5 Dodging
 * Level 1.4 Stealth
 - Level 2.0 Spellcasting
 - Level 3.0 Translocations


You had 4 spell levels left.
You didn't know any spells.
Your spell library contained the following spells:

 Spells                   Type           Power      Damage    Failure   Level
 Blink                    Tloc           18%        N/A       14%         2
 Gell's Gravitas          Tloc           9%         N/A       28%         3
 Lesser Beckoning         Tloc           9%         N/A       28%         3
 Teleport Other           Tloc           9%         N/A       28%         3
 Manifold Assault         Tloc           9%         N/A       95%         5


Dungeon Overview and Level Annotations

Branches:
Dungeon (1/15)

Altars:


Innate Abilities, Weirdness & Mutations

Your serpentine skin is tough. (AC +0)
You have supernaturally acute eyesight. (SInv)
Armour fits poorly on your strangely shaped body.
Your system is resistant to poisons. (rPois)
You cover ground very slowly.
You can spit poison.
You have a snake-like lower body.


Message History

The endoplasm closely misses you. The endoplasm misses you.
You barely miss the endoplasm.
The endoplasm is almost dead.
The endoplasm barely misses you.
You hit the endoplasm.
You kill the endoplasm!
Your Stealth skill increases to level 1!
Found a mace.
Found 7 gold pieces.
You see here a +0 mace.
You now have 26 gold pieces (gained 7).
Found a stone staircase leading down.
A kobold comes into view. It is wielding a +0 whip.
The kobold shouts!
A kobold comes into view. It is wielding a +0 whip.
The kobold shouts!
A quokka comes into view.
The kobold hits you with a +0 whip. The kobold closely misses you.
You miss the kobold. You punch the kobold, but do no damage.
The kobold barely misses you.
You hit the kobold but do no damage. The kobold hits you with a +0 whip.
You closely miss the kobold.
The kobold throws a stone.
The stone closely misses you. The kobold hits you with a +0 whip.
The kobold closely misses you.
The kobold throws a stone.
The stone closely misses you.
The kobold throws a stone.
The stone hits you.
The kobold throws a stone.
The stone hits you.
The kobold throws a stone.
The stone hits you.
The kobold throws a stone.
The stone hits you but does no damage.
The quokka bites you but does no damage.
You miss the quokka. The quokka bites you. x2
You completely miss the quokka. The quokka bites you. The quokka bites you.
* * * LOW HITPOINT WARNING * * *
The quokka bites you.
* * * LOW HITPOINT WARNING * * *
The quokka attacks as you move away! The quokka barely misses you.
The quokka completely misses you. The quokka bites you.
You die...

#....>...#.##...... ....
#...##......# ....
#....#.#.....# ....
##..##.#####... #...
##########..##K## # .
#... #..........###K.##
####. ###.
#.########....#.K# ....#
....
#.###########.##K###.##.#
....
#.............@r........#
...#
###.#####..).........#..#
### #..# #........##.##.#
# #..# ##.......##....#
.# ####
#.......####..##.#
##.####.# #.....#### #..
....####..##...## ####
##..###..#.....#
#.............


You could see a quokka and a kobold.

Vanquished Creatures
  An endoplasm (D:1)
  A goblin (D:1)
  A kobold (D:1)
  2 bats (D:1)
  A rat (D:1)
6 creatures vanquished.

Notes
Turn   | Place    | Note
-------+----------+-------------------------------------------
     0 | D:1      | donath the Naga Warper began the quest for the Orb.
     0 | D:1      | Reached XP level 1. HP: 19/19 MP: 3/3
   160 | D:1      | Reached skill level 1 in Stealth
   279 | D:1      | Slain by a quokka

Illustrated notes

Levels and vault maps discovered:
D:1:      minmay_arrival_open_corners, layout_rooms, serial_curves,
          eino_curves_02, eino_curves_02, shapermc_ecumenical_altar_petra

Skill      XL: |  1 |
---------------+----+-----
Stealth        | 1 |  1.4
Fighting       | |  2.1
Maces & Flails | |  2.1
Throwing       | |  0.8
Armour         | |  0.7
Dodging        | |  1.5
Spellcasting   | |  2.0
Translocations | |  3.0

Action                   || total
-------------------------++-------
Melee: Mace              ||    27
       Punch             ||     1
Armor: Leather armour    ||     7
Dodge: Dodged            ||    23

Table legend: (Time is in decaauts)
 A = Elapsed time spent in this place.
 B = Non-inter-level travel time spent in this place.
 C = Inter-level travel time spent in this place.
 D = Time resting spent in this place.
 E = Time spent auto-exploring this place.
 F = Levels seen in this place.
 G = Mean time per level.
                   A        B        C        D        E       F      G
               +--------+--------+--------+--------+--------+-----+--------+
         Total |    346 |    346 |      0 |      0 |    196 |   1 |  346.0 |
       Dungeon |    346 |    346 |      0 |      0 |    196 |   1 |  346.0 |
               +--------+--------+--------+--------+--------+-----+--------+

Top non-repeatable levels by time:
     D:1: 346 daAuts
